 Dungeon Crawl Stone Soup version 0.31.0-9-g3a7656b989 (console) character file.

Game seed: 7274130374988926898

28 AlterAsc the Shield-Bearer (level 3, -1/29 HPs)
             Began as a Formicid Fighter on Jan 30, 2024.
             Killed from afar by Natasha (7 damage)
             ... with a magic dart
             ... on level 2 of the Dungeon.
             The game lasted 00:01:13 (624 turns).

AlterAsc the Shield-Bearer (Formicid Fighter)        Turns: 624, Time: 00:01:14

Health: -1/29      AC:  6    Str: 22    XL:     3   Next: 27%
Magic:  3/3        EV: 14    Int:  7    God:
Gold:   44         SH:  5    Dex: 13    Spells: 2/2 levels left

rFire   . . .        a - +0 war axe
rCold   . . .        c - +0 buckler
rNeg    . . .        b - +0 scale mail
rPois   .            (helmet unavailable)
rElec   .            (no cloak)
rCorr   .            (no gloves)
SInv    +            (no boots)
Will    .....        (no amulet) Stlth
                     e - +5 ring of evasion
HPRegen 0.24/turn    (no ring)
MPRegen 0.08/turn

%: no passive effects
@: no status effects
A: permanent stasis, dig shafts and tunnels, antennae 3, four strong arms
a: Dig, Shaft Self


You were on level 2 of the Dungeon.
You visited 1 branch of the dungeon, and saw 2 of its levels.

You collected 44 gold pieces.

Inventory:

Hand Weapons
 a - a +0 war axe (weapon)
Armour
 b - a +0 scale mail (worn)
 c - a +0 buckler (worn)
Jewellery
 e - a +5 ring of evasion (left hand)
 f - a ring of positive energy
Scrolls
 i - a scroll of identify {unknown}
 j - a scroll of teleportation {unknown}
 k - a scroll of immolation {unknown}
Potions
 d - a potion of might
 g - a potion of enlightenment {unknown}
 h - a potion of attraction {unknown}


   Skills:
 - Level 3.2 Fighting
 + Level 3.5 Axes
 - Level 3.2 Armour
 - Level 4.0 Shields


You had 2 spell levels left.
You didn't know any spells.
Your spell library was empty.

Dungeon Overview and Level Annotations

Branches:
Dungeon (2/15)

Altars:

Annotations:
D:2 Natasha


Innate Abilities, Weirdness & Mutations

You cannot be hasted, slowed, berserked, paralysed or teleported.
You can dig through walls and to a lower floor.
You have a pair of large antennae on your head. (SInv)
Your four strong arms can wield two-handed weapons with a shield.


Message History

The hobgoblin hits you but does no damage.
Natasha casts a spell.
The hobgoblin closely misses you.
Press: ? - help, v - describe, . - travel
Here: Natasha The floor.
You barely miss the hobgoblin.
The hobgoblin is severely wounded.
You block the hobgoblin's attack.
You barely miss the hobgoblin.
The hobgoblin is severely wounded.
The cerulean imp shouts!
You hear an angry hiss.
The cerulean imp misses you. The hobgoblin barely misses you.
The cerulean imp closely misses you. The hobgoblin completely misses you.
You hit the hobgoblin.
You kill the hobgoblin!
The cerulean imp hits you but does no damage.
You hit Natasha but do no damage. Natasha claws you.
The cerulean imp closely misses you.
A ball python comes into view.
Natasha claws you.
You closely miss Natasha.
The ball python hisses angrily.
The cerulean imp misses you. Natasha claws you. The ball python bites you.
You block the ball python's attack. The cerulean imp misses you.
You hit Natasha but do no damage. You slash the ball python!
You kill the ball python!
Natasha claws you but does no damage. The cerulean imp misses you.
You barely miss Natasha. Natasha claws you.
You block the cerulean imp's attack. Natasha claws you.
The cerulean imp hits you from afar with a +3 spear.
You slash Natasha!
Natasha is almost dead.
Natasha closely misses you.
The cerulean imp hits you from afar with a +3 spear.
* * * LOW HITPOINT WARNING * * *
You hit Natasha.
Natasha is almost dead.
Natasha stares at you and mumbles some strange words.
The magic dart hits you!
You die...
Natasha curls up and begins to purr.

###
#.######.###
#.......<..#
########†#{#
#.h@.# #
#5#..#
..,#!.# ##
,####


You could see Natasha and a cerulean imp (summoned).

Vanquished Creatures
  2 dart slugs (D:1)
  2 endoplasms (D:1)
  A giant cockroach (D:1)
  A goblin (D:1)
  2 hobgoblins (D:2)
  2 kobolds (D:1)
  2 quokkas (D:1)
  A ball python (D:2)
  A bat (D:1)
  A frilled lizard (D:1)
  10 rats (D:1)
25 creatures vanquished.

Notes
Turn   | Place    | Note
-------+----------+-------------------------------------------
     0 | D:1      | AlterAsc the Formicid Fighter began the quest for the Orb.
     0 | D:1      | Reached XP level 1. HP: 18/18 MP: 1/1
    93 | D:1      | Reached XP level 2. HP: 24/24 MP: 2/2
   246 | D:1      | Found a faded altar of an unknown god.
   328 | D:1      | Reached XP level 3. HP: 29/29 MP: 3/3
   613 | D:2      | Noticed Natasha
   624 | D:2      | Killed from afar by Natasha

Illustrated notes

Levels and vault maps discovered:
D:1:      minmay_arrival_widening_spiral_wide, layout_basic,
          shapermc_ecumenical_altar_mp_highgroup, minmay_rat_gold_closets
D:2:      layout_basic, uniq_natasha

Skill      XL: |  1  2 |
---------------+-------+-----
Axes           | 3 |  3.5
Fighting       | |  3.2
Armour         | |  3.2
Shields        | |  4.0

Action                     || total
---------------------------++-------
  Melee: War axe           ||    55
 Armour: Scale mail        ||    32
  Dodge: Dodged            ||    28
  Block: Buckler           ||     7
